 Dungeon Crawl Stone Soup version 0.31-a0-940-gdaa99269f9 (webtiles) character file.

Game seed: 11531211259462863798

641156 Spaninq the Impregnable (level 27, -9/396 (397) HPs)
             Began as an Armataur Berserker on Oct 15, 2023.
             Was the Champion of Trog.
             Mangled by a red draconian
             ... wielding a +0 long sword
              (20 damage)
             ... on level 3 of the Realm of Zot on Oct 20, 2023.
             The game lasted 04:45:35 (63626 turns).

Spaninq the Impregnable (Armataur Berserker)       Turns: 63626, Time: 04:45:35

HP:   -9/396 (397)  AC: 58    Str: 38    XL:     27
MP:   23/23         EV: 10    Int:  9    God:    Trog [******]
Gold: 8466          SH: 35    Dex: 18    Spells: 26/26 levels left

rFire   + + +        H - +9 eveningstar (elec)
rCold   + + +        d - +6 tower shield "Rixkosch" {rF+ rC+ Str+2}
rNeg    . . .        b - +12 gold dragon scales
rPois   +            S - +2 helmet {Int+3}
rElec   +            x - +2 cloak
rCorr   .            C - +0 pair of gloves of the Frog {Will+ Dex+3}
SInv    +            y - +8 barding of the Jolly Wonders {+Inv rElec Str-3}
Will    +++++        f - amulet of Dishonour {Reflect Fly Will+ Str+7 Int-4 SH+5 SInv} Stlth
                     K - ring of Descent {rC++ Will+ SInv}
HPRegen 0.86/turn    A - ring of Ezair {rF+ Dex+3}
MPRegen 0.18/turn

%: reflection, roll
@: berserking, corroded, flying, slowed, lightly drained
A: large, rugged brown scales 3, deformed body, armoured tail, roll, long
tongue, awkward tongue
}: 3/15 runes: serpentine, barnacled, abyssal
a: Renounce Religion, Evoke Invisibility, Berserk, Trog's Hand, Brothers in Arms


You were on level 3 of the Realm of Zot.
You worshipped Trog.
Trog was exalted by your worship.
You visited 11 branches of the dungeon, and saw 47 of its levels.
You visited the Abyss 2 times.
You visited 1 bazaar.
You also visited: Gauntlet and Ice Cave.

You collected 9795 gold pieces.
You spent 1329 gold pieces at shops.

Inventory:

Hand Weapons
 H - a +9 eveningstar of electrocution (weapon)
 L - the +6 shillelagh "Devastator" {shatter}
   (You found it on level 12 of the Dungeon)
 U - a +4 demon whip of flaming
 X - the +11 demon whip "Nigexe" {flame, rF+}
   (Trog gifted it to you on level 3 of the Snake Pit)

   rF+:       It protects you from fire.
Armour
 b - +12 gold dragon scales (worn)
 d - the +6 tower shield "Rixkosch" (worn) {rF+ rC+ Str+2}
   (You bought it in a shop in a bazaar)

   Str+2:     It affects your strength (+2).
   rF+:       It protects you from fire.
   rC+:       It protects you from cold.
 x - a +2 cloak (worn)
 y - the +8 barding of the Jolly Wonders (worn) {+Inv rElec Str-3}
   (You acquired it on level 1 of the Orcish Mines)

   Str-3:     It affects your strength (-3).
   rElec:     It insulates you from electricity.
   +Inv:      It lets you turn invisible.
 C - the +0 pair of gloves of the Frog (worn) {Will+ Dex+3}
   (You found it in a Gauntlet)

   Dex+3:     It affects your dexterity (+3).
   Will+:     It increases your willpower.
 S - a +2 helmet of intelligence (worn)
Jewellery
 f - the amulet of Dishonour (around neck) {Reflect Fly Will+ Str+7 Int-4 SH+5 SInv}
   (You acquired it on level 6 of the Dungeon)

   [amulet of reflection]

   Reflect:   It reflects blocked missile attacks.
   Str+7:     It affects your strength (+7).
   Int-4:     It affects your intelligence (-4).
   Will+:     It increases your willpower.
   SInv:      It lets you see invisible.
   Fly:       It grants you flight.
   SH+5:      It affects your SH (+5).
 n - a ring of positive energy
 p - a ring of protection from cold
 u - a ring of poison resistance
 A - the ring of Ezair (right hand) {rF+ Dex+3}
   (You took it off a deep elf sorcerer on level 3 of the Elven Halls)

   [ring of protection from fire]

   Dex+3:     It affects your dexterity (+3).
   rF+:       It protects you from fire.
 G - a ring of willpower
 K - the ring of Descent (left hand) {rC++ Will+ SInv}
   (You found it on level 2 of the Crypt)

   [ring of willpower]

   rC++:      It greatly protects you from cold.
   Will+:     It increases your willpower.
   SInv:      It lets you see invisible.
 Z - a ring of resist corrosion
Wands
 m - a wand of flame (84)
 r - a wand of roots (65)
 z - a wand of mindburst (47)
 B - a wand of acid (38)
 D - a wand of charming (38)
 M - a wand of digging (5)
 O - a wand of polymorph (8)
Scrolls
 e - 20 scrolls of teleportation
 i - 3 scrolls of summoning
 j - 2 scrolls of silence
 k - 3 scrolls of fog
 v - 4 scrolls of blinking
 E - 8 scrolls of revelation
 J - 6 scrolls of fear
 Q - 2 scrolls of enchant armour
 V - 2 scrolls of enchant weapon
Potions
 a - a potion of heal wounds
 c - 4 potions of resistance
 g - 2 potions of invisibility
 h - 7 potions of ambrosia
 l - 5 potions of enlightenment
 o - 26 potions of curing
 q - 14 potions of mutation
 s - 9 potions of lignification
 w - 6 potions of haste
 F - 2 potions of might
 I - 2 potions of magic
 N - 3 potions of cancellation
Miscellaneous
 t - a sack of spiders
 P - a lightning rod (4/4)
 T - a phantom mirror
 Y - a tin of tremorstones (2/2)


   Skills:
 + Level 20.5 Fighting
 + Level 18.5 Maces & Flails
 + Level 25.6 Armour
 + Level 12.3 Dodging
 + Level 23.6 Shields
 - Level 21.1 Evocations


You had 26 spell levels left.
You didn't know any spells.
Your spell library was empty.

Dungeon Overview and Level Annotations

Branches:
Dungeon (15/15)            Temple (0/1) D:4            Lair (5/5) D:8
 Shoals (4/4) Lair:2        Snake (4/4) Lair:2        Slime (0/5) Lair:4
    Orc (2/2) D:12            Elf (3/3) Orc:2        Vaults (4/5) D:13
  Crypt (2/3) Vaults:2     Depths (4/4) D:15           Hell (visited)
    Zot (3/5) Depths:4      IceCv (visited)         Gauntlet (visited)
    Dis: Hell:1         Geh: Hell:1         Coc: Hell:1         Tar: Hell:1

Altars:
Dithmenos
Elyvilon
Gozag
Okawaru
Ru
Trog
Uskayaw
Vehumet
Wu Jian
The Shining One
Jiyva

Shops:
D:3 (   D:4 [   D:11 =   D:15 *   Orc:1 [   Orc:2 (?(?!   Shoals:4 (
Vaults:1 ([[(   Vaults:2 ?   Vaults:3 *   Vaults:4 [   Depths:3 (

Portals:
Hell: Depths:1 Depths:2 Depths:3 Depths:4
Abyss: Depths:1 Depths:2 Depths:3 Depths:4
Pandemonium: Depths:2 Depths:3 Depths:4
Ziggurat: Depths:4

Annotations:
Vaults:2 3 runed translucent doors, Kurtz's ghost, adept NaDe
Crypt:1 1 runed translucent door, Pimiptod's ghost, adept MiFi
Hell exclusion: 2 ice statues, Geryon


Innate Abilities, Weirdness & Mutations

You are completely covered in rugged brown scales. (AC +3, +7% HP)
Armour fits poorly on your strangely shaped body.
You have a long armoured tail.
You roll when moving toward enemies. (Rampage)
Your long tongue fully drains potion bottles. (2x potion effects)
Your tongue gives you trouble enunciating. (1.5x scroll delay)


Message History

The death cob drains your vigour!
You feel as though you will be slow longer.
You miss the green draconian monk.
The green draconian monk is almost dead.
You block the death cob's attack. You block the storm dragon's attack. x2
The storm dragon tramples you but does no damage.
You block the yellow draconian's attack.
You block the green draconian's attack. You block the red draconian's attack.
You block the green draconian monk's attack.
The green draconian monk barely misses you.
The green draconian monk tail-slaps you but does no damage.
The green draconian monk completely misses you.
You closely miss the green draconian monk.
The green draconian monk is almost dead.
You block the death cob's attack.
The black draconian rages.
The storm dragon bites you but does no damage.
You block the storm dragon's attack. x2
You block the yellow draconian's attack.
The green draconian monk barely misses you.
You block the green draconian monk's attack.
The green draconian monk barely misses you.
The green draconian monk tail-slaps you but does no damage.
The green draconian hits you but does no damage.
The red draconian hits you but does no damage.
The death cob hits you but does no damage.
The storm dragon barely misses you. You block the storm dragon's attack.
The storm dragon tramples you but does no damage.
You are too berserk!
You puncture the green draconian monk!
Lightning courses through the green draconian monk!!
You feel the power of Trog in you as your rage grows.
You kill the green draconian monk!
Trog accepts your kill. You block the death cob's attack.
You block the yellow draconian's attack.
The green draconian hits you from afar with a +0 halberd!
* * * LOW HITPOINT WARNING * * *
The red draconian hits you with a +0 long sword!!
You die...

.#
#...##.......,,**######.
##
#..##.......,,,,*#...##.
#..#........,,,,,###.##.
#.##.....#**,,,,,*#..##.
###..)..#* **,,,,,##.##.
#.'.†..#* **,,,,##..'.
#.'.)..# *,,,,#..##.
#.'...[## **,,.,#####.
#.#...d@## **,...,* #.
#.##..zDd###.....** ##
#..#..ddy........*
#..##...........##### #
#...##.........##...## #
#....###......##.....###
#......##'''###.).....).
#.....##.....,#.......'.
#....##,......#.......'.


You could see a storm dragon (berserk), a black draconian (berserk), a yellow
draconian (berserk), a green draconian (berserk), a red draconian (berserk), a
death cob and a moth of wrath.

Vanquished Creatures
  An ancient lich (Depths:3)
  3 juggernauts
  Sojobo (Vaults:2)
  Parghit (Depths:2)
  Boris (thrice) (Vaults:3 Crypt:1 Depths:2)
  A Killer Klown (Zot:3)
  Bai Suzhen (Snake:3)
  Vashnia (Snake:3)
  Saint Roka (Depths:2)
  Xtahua (Vaults:3)
  7 golden dragons
  Norris (Vaults:4)
  A bone dragon (Depths:4)
  the Enchantress (Depths:1)
  3 electric golems
  A Tzitzimitl (Depths:2)
  18 tentacled monstrosities
  Zenata (Vaults:3)
  2 liches
  A deep elf blademaster (Elf:2)
  A walking divine tome (Depths:3)
  Mlioglotl (Snake:4)
  A titan (Depths:3)
  8 quicksilver dragons
  A kraken (Shoals:4)
  3 sphinxes
  A walking frostbound tome (Depths:3)
  4 deep elf master archers (Elf:3)
  4 death cobs
  Asterion (Elf:3)
  6 tentacled starspawn
  5 ancient champions
  Polyphemus (Shoals:4)
  8 storm dragons
  A tengu reaver (Depths:4)
  Donald (Snake:4)
  10 shadow dragons
  Aizul (Snake:4)
  7 draconian monks
  2 revenants
  4 draconian knights
  15 nagarajas (Snake:4)
  5 fire giants
  8 frost giants
  Louise (Depths:3)
  2 iron dragons
  6 deep elf sorcerers
  A ghost moth (Zot:1)
  2 spectral juggernauts (Depths:2)
  5 deep elf elementalists (Elf:3)
  A curse skull (Crypt:1)
  13 vault wardens
  7 ghouls
  8 draconian shifters
  7 draconian stormcallers
  A spectral caustic shrike (Depths:2)
  4 orc warlords
  7 draconian scorchers
  4 formless jellyfish
  A caustic shrike zombie (Depths:3)
  6 draconian annihilators
  16 ironbound preservers
  3 war gargoyles
  3 spriggan defenders
  15 very ugly things
  2 reapers
  The ghost of relicbr the Fencer, a journeyman KoFi of Okawaru (Elf:1)
  The ghost of benadryl the Severer, a journeyman GrFi of Trog (Orc:1)
  6 ironbound thunderhulks
  A quicksilver ooze (shapeshifter) (Depths:2)
  6 deep elf demonologists (Elf:3)
  14 stone giants
  4 purple draconians
  9 green draconians
  7 spark wasps
  2 minotaurs
  9 vampire knights
  2 red draconians
  12 deep elf annihilators (Elf:3)
  7 black draconians
  A lorocyproca (Depths:3)
  2 spectral titans (Depths:2)
  5 dire elephants
  8 yellow draconians
  17 deep elf death magi
  A blizzard demon (Abyss:1)
  8 white draconians
  5 eidola
  An acid blob zombie (Crypt:2)
  The ghost of perezv8180 the Grappler, a journeyman TrSh of Okawaru (D:12)
  3 jiangshi
  15 ettins
  A crystal guardian (Vaults:3)
  A spectral quicksilver dragon (Depths:2)
  3 spectral golden dragons (Depths:2)
  6 fire dragons
  5 merfolk javelineers
  4 deep elf high priests
  A spriggan zombie (Crypt:1)
  11 yaktaur captains
  An entropy weaver (Vaults:4)
  11 great orbs of eyes
  The ghost of PailKail the Severer, a journeyman MiBe of Trog (Orc:2)
  16 starcursed masses
  11 merfolk impalers
  7 ice dragons
  2 caustic shrike simulacra
  2 salamander tyrants
  6 hydras
  3 peacekeepers (Vaults:3)
  6 spectral shadow dragons (Depths:2)
  5 vault guards
  2 catoblepae
  A spectral spriggan (Depths:2)
  7 spriggan air magi
  3 rakshasas
  7 anacondas
  4 merfolk avatars
  An ogre mage (D:15)
  4 juggernaut simulacra (Depths:2)
  A spriggan skeleton (Crypt:1)
  3 death knights
  10 boulder beetles
  19 centaur warriors
  17 ironbound frosthearts
  A satyr (Shoals:2)
  2 alligator snapping turtles
  30 dancing weapons
  A merfolk aquamancer (Shoals:4)
  19 two-headed ogres
  2 spectral fire giants (Depths:2)
  7 death yaks
  A spectral frost giant (Depths:2)
  7 deep troll shamans
  12 naga warriors
  6 tengu warriors
  3 deep troll earth magi
  4 thrashing horrors (Abyss:3)
  10 vampire magi
  17 naga sharpshooters
  3 orc high priests
  2 spectral storm dragons (Depths:2)
  A demonic crawler (Lair:1)
  10 deep elf knights
  5 spriggan berserkers
  10 hell knights
  6 shock serpents
  A fire crab (Gauntlet)
  5 iron trolls
  10 skysharks
  6 soul eaters
  3 wretched stars
  A shadow wraith (Depths:3)
  12 skeletal warriors
  Lodul (D:12)
  4 salamander mystics
  A storm dragon skeleton (Depths:3)
  A bunyip zombie (Crypt:2)
  10 glowing orange brains
  A spectral spark wasp (Depths:2)
  2 titan skeletons (Depths:3)
  A spark wasp zombie (Depths:3)
  16 sea snakes
  2 quicksilver dragon simulacra (Depths:2)
  2 shadow dragon zombies
  A spectral iron dragon (Depths:2)
  39 deep trolls
  6 occultists
  3 bog bodies
  4 death drakes (Depths:2)
  A shadow demon (Depths:4)
  10 flayed ghosts
  A spriggan simulacrum (IceCv)
  11 naga ritualists
  3 orange crystal statues
  5 phantasmal warriors
  9 deep elf archers
  19 lindwurms
  17 deep elf zephyrmancers
  26 ironbound convokers
  A sphinx simulacrum (Depths:2)
  13 mana vipers
  An obsidian statue (IceCv)
  A spectral ettin (Depths:2)
  21 harpies
  7 elephants
  13 necromancers
  6 fauns (Shoals:2)
  5 orc sorcerers
  10 orc knights
  2 tengu skeletons (Depths:1)
  23 deep elf pyromancers
  An oklob plant (Lair:4)
  24 ugly things
  15 cyclopes
  17 salamanders
  14 manticores
  2 worldbinders (Abyss:1)
  A frost giant zombie (Depths:1)
  7 guardian serpents (Snake:4)
  6 merfolk sirens
  35 black mambas
  5 water nymphs
  20 vault sentinels
  14 large abominations
  16 moths of wrath
  4 titan simulacra (Depths:2)
  A shock serpent zombie (Crypt:2)
  A rust devil (Depths:4)
  An apocalypse crab (Abyss:1)
  17 naga magi
  2 ice statues (Elf:2)
  An orange demon (Depths:4)
  Maggie (D:6)
  2 gargoyles (D:11)
  A torpor snail (Lair:5)
  8 cane toads
  3 smoke demons
  An unseen horror (Abyss:3)
  A storm dragon simulacrum (Depths:2)
  9 komodo dragons
  5 kobold demonologists
  5 rime drakes
  29 yaktaurs
  21 freezing wraiths
  6 tengu conjurers
  4 anaconda simulacra
  A grey draconian skeleton (Crypt:1)
  3 ancient zymes
  A spark wasp simulacrum (Depths:3)
  A catoblepas skeleton (Crypt:1)
  An efreet (Abyss:1)
  2 spectral glowing shapeshifters (Depths:2)
  A yellow draconian skeleton (Crypt:1)
  A harpy zombie (Crypt:2)
  3 ice devils
  2 tengu simulacra (Depths:2)
  7 golden dragon simulacra
  A silent spectre (Abyss:3)
  11 trolls
  30 merfolk
  2 red devils
  6 alligator simulacra (IceCv)
  6 polar bears
  7 meliai
  3 hellwings (Depths:4)
  A white draconian skeleton (Crypt:2)
  3 hornets
  Grinder (D:5)
  5 wind drakes
  2 harpy skeletons
  5 saltlings (Orc:2)
  A blink frog (shapeshifter) (D:15)
  15 raiju
  17 blink frogs
  An iron dragon simulacrum (Depths:2)
  2 frost giant simulacra (Depths:1)
  2 shadow dragon simulacra
  4 dream sheep (Shoals:4)
  9 snapping turtles
  Sigmund (D:6)
  A black mamba zombie (Crypt:2)
  18 slime creatures
  An ettin skeleton (Abyss:3)
  2 flying skulls
  4 ynoxinuls
  4 dire elephant simulacra (IceCv)
  4 shadows
  21 water elementals
  2 air elementals
  A culicivora (Vaults:4)
  3 spriggans
  2 wyverns (Lair:4)
  An ice dragon skeleton (Crypt:1)
  2 vampires
  A wind drake zombie (Crypt:1)
  4 basilisks
  41 yaks
  3 fire elementals
  8 wraiths
  4 chaos spawn
  4 fire bats (Gauntlet)
  A redback (Vaults:4)
  Grum (D:11)
  3 wargs
  Menkaure (D:6)
  40 nagas
  13 vampire mosquitoes
  4 minotaur simulacra (IceCv)
  A harpy simulacrum (IceCv)
  A cane toad zombie (Crypt:1)
  2 swamp worms (Lair:1)
  Duvessa (D:5)
  An acid dragon (D:11)
  20 water moccasins
  2 hell hounds (Gauntlet)
  A hydra simulacrum (IceCv)
  4 floating eyes
  A naga skeleton (Crypt:1)
  A glowing shapeshifter skeleton (Crypt:1)
  5 black bears
  4 ice beasts (D:8)
  25 orc warriors
  14 small abominations
  A sky beast (D:8)
  A sky beast (shapeshifter) (Depths:2)
  An ettin simulacrum (IceCv)
  12 ogres
  A swamp dragon skeleton (Crypt:2)
  21 wolves
  9 centaurs
  A manticore skeleton (Crypt:1)
  4 elf zombies (Elf:1)
  4 necrophages
  10 kobold brigands
  Blork the orc (D:6)
  A glowing shapeshifter simulacrum (Depths:3)
  11 bullfrogs
  A gnoll sergeant (D:10)
  3 scorpions
  4 earth elementals
  A wyvern zombie (D:9)
  20 wights
  Dowan (D:5)
  3 lindwurm simulacra (IceCv)
  12 killer bees
  A queen bee zombie (Crypt:2)
  5 howler monkeys
  5 electric eels
  2 jellies
  2 centaur zombies (D:9)
  A quasit (Abyss:1)
  2 gnoll boudas
  A bullfrog skeleton (Crypt:1)
  2 hounds
  An iron imp (Abyss:1)
  14 orc priests
  A sleepcap (D:4)
  Jessica (D:2)
  An iguana (D:5)
  Ijyb (D:3)
  Terence (D:2)
  14 orc wizards
  3 killer bee zombies (D:9)
  2 centaur simulacra
  A deep dwarf skeleton (Crypt:1)
  A howler monkey zombie (D:9)
  Robin (D:3)
  7 adders
  16 gnolls
  A shadow imp (D:6)
  5 white imps
  A howler monkey simulacrum (D:8)
  5 ufetubi
  An iguana skeleton (Crypt:1)
  A lava snake skeleton (Crypt:2)
  A worm (D:4)
  A dart slug (D:1)
  62 orcs
  5 ball pythons
  4 endoplasms
  2 giant cockroaches
  9 goblins
  12 hobgoblins
  13 jackals
  3 quokkas
  A bat (D:2)
  2 frilled lizards (D:1)
  A goblin skeleton (Crypt:2)
  19 kobolds
  6 rats
  A butterfly (Lair:4)
  A lurking horror (Abyss:1)
  6 starspawn tentacles
  4 tentacles (Shoals:4)
2201 creatures vanquished.

Vanquished Creatures (collateral kills)
  A caustic shrike (Depths:3)
  A death cob (Zot:1)
  2 tengu reavers (Vaults:2)
  A nagaraja (Snake:4)
  A fire giant (Depths:3)
  An orc warlord (Orc:2)
  A green draconian (Zot:1)
  A merfolk impaler (Shoals:1)
  2 naga sharpshooters (Snake:4)
  A sea snake (Shoals:1)
  An orc knight (Orc:2)
  A manticore (Shoals:1)
  A salamander (Snake:4)
  A troll (Orc:2)
  A merfolk (Shoals:1)
  2 yaks (Lair:2)
  2 orc warriors (Orc:2)
  A bullfrog (Lair:2)
  3 orcs (Orc:2)
25 creatures vanquished.

Vanquished Creatures (others)
  A draconian stormcaller (Zot:2)
  A naga sharpshooter (Snake:3)
  A naga ritualist (Snake:1)
  A manticore (D:12)
  A merfolk (Shoals:2)
  A water elemental (D:12)
  An air elemental (Elf:1)
  An orc warrior (Elf:1)
  A kobold brigand (D:13)
  An orc wizard (Depths:2)
  3 kobolds
  A lurking horror (Abyss:2)
  12 starspawn tentacles
  13 tentacles
39 creatures vanquished.

Grand Total: 2265 creatures vanquished

Notes
Turn   | Place    | Note
-------+----------+-------------------------------------------
     0 | D:1      | Spaninq the Armataur Berserker began the quest for the Orb.
     0 | D:1      | Reached XP level 1. HP: 19/19 MP: 1/1
   159 | D:1      | Reached XP level 2. HP: 19/26 MP: 2/2
   437 | D:1      | Reached skill level 1 in Shields
   778 | D:2      | Noticed Terence
   785 | D:2      | Reached XP level 3. HP: 32/32 MP: 3/3
   795 | D:2      | Killed Terence
   796 | D:2      | Reached skill level 3 in Armour
   801 | D:2      | Reached ** piety under Trog
   971 | D:2      | Found a faded altar of an unknown god.
   999 | D:2      | Reached XP level 4. HP: 12/40 MP: 4/4
  1135 | D:2      | Noticed Jessica
  1140 | D:2      | Killed Jessica
  2123 | D:3      | Found Perr's Weapon Shop.
  2134 | D:3      | Reached XP level 5. HP: 43/48 MP: 5/5
  2273 | D:3      | Noticed Robin
  2281 | D:3      | Reached *** piety under Trog
  2288 | D:3      | Killed Robin
  2298 | D:3      | Noticed Ijyb
  2309 | D:3      | Killed Ijyb
  2526 | D:4      | Found a staircase to the Ecumenical Temple.
  2789 | D:4      | Found Yteutu Huri's Armour Shoppe.
  2817 | D:4      | Bought a +0 cloak for 45 gold pieces
  3013 | D:4      | Reached skill level 4 in Armour
  3013 | D:4      | Reached XP level 6. HP: 46/55 MP: 6/6
  3382 | D:5      | Entered Level 5 of the Dungeon
  3414 | D:5      | Noticed Dowan
  3415 | D:5      | Noticed Duvessa
  3429 | D:5      | Killed Duvessa
  3433 | D:5      | Killed Dowan
  3434 | D:5      | Reached skill level 5 in Maces & Flails
  3436 | D:5      | Reached XP level 7. HP: 32/63 MP: 7/7
  3689 | D:4      | Reached skill level 5 in Armour
  4155 | D:5      | Found a radiant altar of Vehumet.
  4155 | D:5      | Found a glowing golden altar of the Shining One.
  4263 | D:5      | Noticed Grinder
  4281 | D:5      | Killed Grinder
  4282 | D:5      | Reached XP level 8. HP: 63/71 MP: 8/8
  4388 | D:6      | Reached **** piety under Trog
  4389 | D:6      | Identified 2 scrolls of acquirement
  4389 | D:6      | Acquired 1043 gold pieces
  4391 | D:6      | Acquired the amulet of Dishonour {Reflect Fly Will+ Str+7
                  | Int-4 SH+5 SInv}
  4506 | D:6      | Noticed Maggie
  4525 | D:6      | Killed Maggie
  4526 | D:6      | Reached skill level 5 in Fighting
  4526 | D:6      | Reached skill level 6 in Armour
  4732 | D:6      | Noticed Menkaure
  4734 | D:6      | Killed Menkaure
  4735 | D:6      | Reached skill level 5 in Shields
  4841 | D:6      | Noticed Blork the orc
  4847 | D:6      | Killed Blork the orc
  4891 | D:6      | Found an ornate altar of the Wu Jian Council.
  4896 | D:6      | Found a sacrificial altar of Ru.
  5035 | D:6      | Noticed Sigmund
  5050 | D:6      | Killed Sigmund
  5058 | D:6      | Reached XP level 9. HP: 62/79 MP: 9/9
  5726 | D:7      | Reached skill level 7 in Armour
  5908 | D:7      | Noticed a boulder beetle
  5931 | D:7      | HP: 2/80 [boulder beetle (17)]
  5942 | D:7      | Lost intelligence.
  5945 | D:7      | HP: 4/80 [boulder beetle (3)]
  5947 | D:7      | Killed a boulder beetle
  6126 | D:7      | Identified the +0 sling of the Desolation of Salt {flame,
                  | rF+ Will- Str+2 Dex+4}
  6414 | D:8      | Noticed a deep elf pyromancer
  6436 | D:8      | Killed a deep elf pyromancer
  6437 | D:8      | Reached skill level 8 in Armour
  6543 | D:8      | Reached XP level 10. HP: 89/89 MP: 10/10
  6867 | D:8      | Found a staircase to the Lair.
  7681 | D:9      | Reached skill level 9 in Armour
  7787 | D:9      | Reached skill level 10 in Maces & Flails
  7910 | D:9      | Reached ***** piety under Trog
  8167 | D:10     | Entered Level 10 of the Dungeon
  8196 | D:10     | Noticed a two-headed ogre
  8203 | D:10     | Killed a two-headed ogre
  8323 | D:10     | Reached XP level 11. HP: 93/98 MP: 11/11
  9756 | D:11     | Found Zusoy's Jewellery Boutique.
  9789 | D:11     | Noticed a two-headed ogre
  9797 | D:11     | Killed a two-headed ogre
  9801 | D:11     | Noticed a boulder beetle
  9821 | D:11     | Killed a boulder beetle
  9822 | D:11     | Reached skill level 10 in Armour
 10057 | D:11     | Noticed a two-headed ogre
 10062 | D:11     | Killed a two-headed ogre
 10332 | D:11     | Noticed Grum
 10341 | D:11     | Found a glowing golden altar of the Shining One.
 10344 | D:11     | Killed Grum
 10459 | D:11     | Found a shadowy altar of Dithmenos.
 10459 | D:11     | Found a bloodstained altar of Trog.
 10459 | D:11     | Found an ornate altar of the Wu Jian Council.
 10494 | D:11     | Noticed a boulder beetle
 10508 | D:11     | Killed a boulder beetle
 10618 | D:11     | Reached XP level 12. HP: 94/110 MP: 12/12
 10906 | D:11     | Noticed a two-headed ogre
 10912 | D:11     | Killed a two-headed ogre
 11069 | D:11     | Identified the +2 plate armour of Zoixtuyppe {rElec rC+
                  | Dex-3}
 11085 | D:11     | Identified the +10 plate armour of Duck's Teeth {rElec
                  | Dex+3}
 11110 | D:11     | Noticed a boulder beetle
 11122 | D:11     | Killed a boulder beetle
 11163 | D:11     | Reached skill level 11 in Armour
 11292 | D:11     | Received a gift from Trog
 11655 | D:12     | Noticed a boulder beetle
 11681 | D:12     | Identified the +0 ring mail "Roucor" {rElec rC+}
 11796 | D:12     | Killed a boulder beetle
 11942 | D:12     | Noticed a two-headed ogre
 11942 | D:12     | Identified the +8 great mace of the Horn {flame, Dex+3}
 11942 | D:12     | Noticed an ettin
 11943 | D:12     | Noticed perezv8180's ghost (journeyman TrSh)
 11943 | D:12     | Noticed a two-headed ogre
 11943 | D:12     | Noticed a two-headed ogre
 11944 | D:12     | Found a transporter.
 11944 | D:12     | Noticed a two-headed ogre
 11944 | D:12     | Noticed a two-headed ogre
 11944 | D:12     | Found the +6 shillelagh "Devastator" {shatter}
 11952 | D:12     | Found a transporter.
 12087 | D:12     | Found a staircase to the Orcish Mines.
 12124 | D:12     | Noticed Lodul
 12140 | D:12     | Reached skill level 10 in Shields
 12146 | D:12     | Killed Lodul
 12543 | Lair:1   | Entered Level 1 of the Lair of Beasts
 12871 | Lair:1   | Reached XP level 13. HP: 118/118 MP: 13/13
 12891 | Lair:1   | Noticed Sonja
 12895 | Lair:1   | Sonja changed into Sonja the cane toad
 12895 | Lair:1   | Noticed Sonja
 12899 | Lair:1   | Killed Sonja the cane toad
 13068 | Lair:1   | Reached skill level 12 in Armour
 13068 | Lair:1   | Reached skill level 5 in Dodging
 13684 | Lair:1   | Received a gift from Trog
 13977 | Lair:2   | Found a staircase to the Snake Pit.
 14325 | Lair:2   | Found a staircase to the Shoals.
 14411 | Lair:2   | Reached skill level 10 in Fighting
 14993 | Lair:3   | Found a gate leading to a gauntlet.
 15003 | Gauntlet | Entered a Gauntlet
 15003 | Gauntlet | Found a transporter.
 15022 | Gauntlet | Noticed a dire elephant
 15039 | Gauntlet | Found a transporter.
 15043 | Gauntlet | Found a transporter.
 15047 | Gauntlet | Found a transporter.
 15052 | Gauntlet | Found a transporter.
 15052 | Gauntlet | Found a transporter.
 15060 | Gauntlet | Found a runed translucent door.
 15063 | Gauntlet | Found a transporter.
 15082 | Gauntlet | Found a transporter.
 15137 | Gauntlet | Found a transporter.
 15157 | Gauntlet | Found a transporter.
 15161 | Gauntlet | Found a transporter.
 15171 | Gauntlet | Found a transporter.
 15263 | Gauntlet | Identified the +4 glaive of Malum Prohibitum {elec, rPois
                  | Will+}
 15468 | Gauntlet | Identified the +4 dagger of Prescription {antimagic, Int+3
                  | Stlth+}
 15468 | Gauntlet | Noticed a minotaur
 15481 | Gauntlet | Killed a minotaur
 15487 | Gauntlet | Identified the +0 pair of gloves of the Frog {Will+ Dex+3}
 15603 | Lair:3   | Reached skill level 13 in Armour
 16711 | Lair:4   | Reached skill level 1 in Evocations
 16711 | Lair:4   | Reached XP level 14. HP: 111/130 MP: 14/14
 16970 | Lair:4   | Found a staircase to the Slime Pits.
 17381 | Orc:1    | Entered Level 1 of the Orcish Mines
 17495 | Orc:1    | Found an iron altar of Okawaru.
 17602 | Orc:1    | Found a runed translucent door.
 17608 | Orc:1    | Noticed benadryl's ghost (journeyman GrFi)
 17920 | Orc:1    | Killed benadryl's ghost
 17931 | Orc:1    | Acquired the +8 barding of the Jolly Wonders {+Inv rElec
                  | Str-3}
 17958 | Orc:2    | Entered Level 2 of the Orcish Mines
 18005 | Orc:2    | Noticed PailKail's ghost (journeyman MiBe)
 18033 | Orc:2    | Found a bloodstained altar of Trog.
 18034 | Orc:2    | Found a transporter.
 18040 | Orc:2    | Found a transporter.
 18043 | Orc:2    | Noticed an orc warlord
 18130 | Orc:2    | Found a staircase to the Elven Halls.
 18167 | Orc:2    | Reached ****** piety under Trog
 18291 | Orc:1    | Found Meapn's Antique Armour Boutique.
 18508 | Orc:2    | Found Xotac's Weapon Shoppe.
 18565 | Orc:2    | Received a gift from Trog
 18947 | Orc:2    | Noticed an orc warlord
 18960 | Orc:2    | Killed an orc warlord
 18962 | Orc:2    | Found Amaoxaw's Antique Weapon Shoppe.
 19000 | Orc:2    | Found Ymmeges's Magic Scroll Shoppe.
 19146 | Orc:2    | Found Piseosuh's Magic Scroll Shop.
 19182 | Orc:2    | Found Bopa's Distillery.
 19182 | Orc:2    | Noticed an orc warlord
 19196 | Orc:2    | Killed an orc warlord
 19436 | D:13     | Reached skill level 15 in Maces & Flails
 19752 | D:13     | Found a gate to the Vaults.
 20541 | D:14     | Reached skill level 14 in Armour
 21166 | Shoals:1 | Entered Level 1 of the Shoals
 21289 | Shoals:1 | Received a gift from Trog
 21313 | Shoals:1 | Reached XP level 15. HP: 77/139 MP: 15/15
 21349 | Shoals:1 | Identified the +0 ring mail of Privacy {Harm Slay+4 Stlth+}
 21472 | Shoals:1 | Found a flickering gateway to a bazaar.
 21490 | Bazaar   | Entered a bazaar
 21490 | Bazaar   | Found Arosofyh's Antique Weapon Shop.
 21490 | Bazaar   | Found Yntos's Book Boutique.
 21490 | Bazaar   | Found Mexos's Armour Boutique.
 21490 | Bazaar   | Found Waezigez's Weapon Shop.
 21508 | Bazaar   | Bought the +6 tower shield "Rixkosch" {rF+ rC+ Str+2} for
                  | 1014 gold pieces
 21765 | Shoals:1 | Reached skill level 5 in Evocations
 23040 | Shoals:2 | Found a hide-covered altar of Uskayaw.
 23243 | Shoals:2 | Received a gift from Trog
 23473 | Shoals:2 | Identified the +8 longbow of the Common Good {drain, rC+
                  | rN+}
 23553 | Shoals:2 | Identified the +6 shortbow of Judgement {antimagic,
                  | *Corrode Dex+4}
 23804 | Shoals:3 | Reached skill level 15 in Armour
 24592 | Snake:1  | Entered Level 1 of the Snake Pit
 25000 | Snake:1  | Reached XP level 16. HP: 148/148 MP: 16/16
 25019 | Snake:1  | Received a gift from Trog
 25679 | Elf:1    | Entered Level 1 of the Elven Halls
 25959 | Elf:1    | Identified the +2 broad axe of the Butterfly {heavy, Fly
                  | SInv} (Trog gifted it to you on level 1 of the Elven Halls)
 25959 | Elf:1    | Received a gift from Trog
 26082 | Elf:1    | Paralysed by an air elemental for 1 turns
 26563 | Elf:1    | Found a runed translucent gate.
 26563 | Elf:1    | Found a runed translucent gate.
 26563 | Elf:1    | Found a runed translucent gate.
 26566 | Elf:1    | Noticed relicbr's ghost (journeyman KoFi)
 26602 | Elf:1    | Killed relicbr's ghost
 26605 | Elf:1    | Identified the ring "Xeylod" {rElec SInv}
 26698 | Elf:2    | Found a frozen archway.
 26805 | IceCv    | Entered an ice cave
 26946 | IceCv    | Reached skill level 16 in Armour
 27123 | IceCv    | Identified the +0 helmet of Ruelifesch {Rampage rF- rC+
                  | SInv}
 27143 | IceCv    | Found an ancient bone altar of Kikubaaqudgha.
 27175 | IceCv    | Received a gift from Trog
 27469 | IceCv    | Noticed a lich
 27477 | IceCv    | Killed a lich
 27982 | Elf:2    | Reached XP level 17. HP: 147/158 MP: 17/17
 27983 | Elf:2    | Paralysed by an air elemental for 1 turns
 28261 | Elf:2    | Found a runed translucent gate.
 28280 | Elf:2    | Found a runed translucent gate.
 28282 | Elf:2    | Found a runed translucent gate.
 28471 | Elf:2    | Noticed a deep elf blademaster
 28492 | Elf:2    | Killed a deep elf blademaster
 28529 | Elf:2    | Reached skill level 15 in Shields
 28899 | Elf:2    | Identified the +6 dire flail "Manton" {flame, rCorr} (Trog
                  | gifted it to you on level 2 of the Elven Halls)
 28899 | Elf:2    | Received a gift from Trog
 29823 | Snake:2  | Reached skill level 17 in Armour
 30250 | Snake:3  | Identified the +11 demon whip "Nigexe" {flame, rF+} (Trog
                  | gifted it to you on level 3 of the Snake Pit)
 30250 | Snake:3  | Received a gift from Trog
 30384 | Snake:3  | Noticed Vashnia
 30471 | Snake:3  | Killed Vashnia
 30532 | Snake:3  | Reached skill level 10 in Evocations
 30543 | Snake:3  | Noticed Bai Suzhen
 30563 | Snake:3  | Killed Bai Suzhen
 30761 | Snake:3  | Reached XP level 18. HP: 170/170 MP: 18/18
 31030 | Snake:3  | Acquired a manual of Evocations
 31040 | Snake:4  | Entered Level 4 of the Snake Pit
 31104 | Snake:4  | Identified the +1 long sword of the Warrior {heavy, Str+3}
 31233 | Snake:4  | Noticed Aizul
 31248 | Snake:4  | Noticed Mlioglotl
 31249 | Snake:4  | Killed Aizul
 31260 | Snake:4  | Killed Mlioglotl
 31260 | Snake:4  | Received a gift from Trog
 31786 | Snake:4  | Reached skill level 18 in Armour
 32198 | Snake:4  | Got a serpentine rune of Zot
 32307 | Snake:4  | Noticed Donald
 32320 | Snake:4  | Killed Donald
 32603 | Snake:4  | Identified the +5 mace of Midwinter {heavy, Contam rN++
                  | rCorr Stlth+} (Trog gifted it to you on level 4 of the
                  | Snake Pit)
 32603 | Snake:4  | Received a gift from Trog
 33112 | Lair:5   | Entered Level 5 of the Lair of Beasts
 34130 | Shoals:4 | Entered Level 4 of the Shoals
 34211 | Shoals:4 | Reached XP level 19. HP: 144/180 MP: 19/19
 34498 | Shoals:4 | Got a barnacled rune of Zot
 34629 | Shoals:4 | Reached skill level 15 in Fighting
 34643 | Shoals:4 | Identified the +7 glaive "Fergh" {flame, Str+4 Int+3
                  | Stlth+}
 34752 | Shoals:4 | Noticed Polyphemus
 34771 | Shoals:4 | Killed Polyphemus
 34772 | Shoals:4 | Reached skill level 19 in Armour
 35207 | Shoals:4 | Received a gift from Trog
 35626 | Shoals:4 | Found Musmaops's Weapon Shop.
 36329 | Vaults:1 | Entered Level 1 of the Vaults
 36532 | Vaults:1 | Identified the +2 dagger of the Moon {flame, rC++ Str+4}
                  | (Trog gifted it to you on level 1 of the Vaults)
 36532 | Vaults:1 | Received a gift from Trog
 36746 | Vaults:1 | Reached skill level 15 in Evocations
 36843 | Vaults:1 | Identified the +6 broad axe "Kotoqasm" {flame, rC+} (Trog
                  | gifted it to you on level 1 of the Vaults)
 36843 | Vaults:1 | Received a gift from Trog
 37158 | Vaults:1 | Found Gozag's Antique Armour Emporium.
 37163 | Vaults:1 | Found an opulent altar of Gozag.
 37163 | Vaults:1 | Found Gozag's Antique Armour Shoppe.
 37178 | Vaults:1 | Found Gozag's Antique Weapon Shoppe.
 37636 | Vaults:1 | Found Mefiz's Antique Weapon Shoppe.
 37684 | Vaults:1 | Reached XP level 20. HP: 192/192 MP: 20/20
 38108 | D:12     | Reached skill level 20 in Armour
 38112 | D:12     | Received a gift from Trog
 38118 | D:12     | Killed perezv8180's ghost
 38254 | Orc:2    | Killed PailKail's ghost
 38727 | Vaults:2 | Noticed Sojobo
 38740 | Vaults:2 | Killed Sojobo
 39261 | Vaults:2 | Identified the +1 war axe of Gunwu {vamp, rPois rF++ Str-5
                  | Dex+3 SInv}
 39369 | Vaults:2 | Received a gift from Trog
 39951 | Vaults:2 | Found Xur Remogg's Magic Scroll Boutique.
 39958 | Vaults:2 | Bought a scroll of enchant weapon for 90 gold pieces
 39958 | Vaults:2 | Bought a scroll of enchant weapon for 90 gold pieces
 39958 | Vaults:2 | Bought a scroll of enchant armour for 90 gold pieces
 40007 | Vaults:2 | Found a runed translucent gate.
 40007 | Vaults:2 | Found a runed translucent gate.
 40007 | Vaults:2 | Found a runed translucent gate.
 40007 | Vaults:2 | Noticed Kurtz's ghost (adept NaDe)
 40012 | Vaults:2 | Found a viscous altar of Jiyva.
 40025 | Vaults:2 | Found a staircase to the Crypt.
 40176 | Vaults:2 | Found the ring of Shadows {Umbra +Inv Stlth+}
 40671 | Vaults:3 | Received a gift from Trog
 40695 | Vaults:3 | Found Zejolygi's General Store.
 40723 | Vaults:3 | Noticed Boris
 40734 | Vaults:3 | Killed Boris
 41084 | Vaults:3 | Reached XP level 21. HP: 201/202 MP: 21/21
 41270 | Vaults:3 | Reached skill level 21 in Armour
 41293 | Vaults:3 | Noticed Xtahua
 41327 | Vaults:3 | Killed Xtahua
 41328 | Vaults:3 | Reached skill level 10 in Dodging
 41434 | Vaults:3 | Received a gift from Trog
 42066 | Vaults:3 | Noticed Zenata
 42083 | Vaults:3 | Killed Zenata
 42327 | Vaults:4 | Noticed Norris
 42350 | Vaults:4 | Killed Norris
 42665 | Vaults:4 | Received a gift from Trog
 42924 | Vaults:4 | Found Aqiagren's Armour Shop.
 43853 | Crypt:1  | Entered Level 1 of the Crypt
 43854 | Crypt:1  | Found a runed translucent door.
 43854 | Crypt:1  | Noticed Pimiptod's ghost (adept MiFi)
 44289 | Crypt:1  | Noticed Boris
 44313 | Crypt:1  | Killed Boris
 44358 | Crypt:1  | Received a gift from Trog
 44994 | Crypt:2  | Reached XP level 22. HP: 212/213 MP: 22/22
 45127 | Crypt:2  | Received a gift from Trog
 45220 | Crypt:2  | Identified the ring of Descent {rC++ Will+ SInv}
 45933 | Elf:3    | Entered Level 3 of the Elven Halls
 46502 | Elf:3    | Noticed Asterion
 46516 | Elf:3    | Killed Asterion
 46527 | Elf:3    | Reached skill level 22 in Armour
 46661 | Elf:3    | Received a gift from Trog
 46985 | Elf:3    | Identified the ring of Ezair {rF+ Dex+3}
 47226 | Elf:3    | Identified the ring "Pigyuwk" {Fire Contam rPois Str+4}
 47369 | Elf:3    | Identified the +5 scale mail "Quur" {Harm rF- Regen+ rCorr}
 47395 | Elf:3    | Identified the staff "Ihif" {rElec Str-5 Dex+6 Air}
 47398 | Elf:3    | Identified the staff "Wiefit" {Drain +Blink rPois Str+2
                  | SInv Poison}
 47407 | Elf:3    | Identified the +0 war axe "Wasim" {pain, rN+}
 47451 | Elf:3    | Identified the staff "Acarineslayer" {Int+4 Dex-4 Stlth+
                  | Conj}
 47452 | Elf:3    | Identified the +5 short sword "Icsoplee" {flame, +Blink
                  | Stlth+}
 47766 | D:15     | Entered Level 15 of the Dungeon
 47793 | D:15     | Received a gift from Trog
 48213 | D:15     | Found Nyug's Serpentskin Sales.
 48338 | D:15     | Found a staircase to the Depths.
 48495 | D:15     | Found a sacrificial altar of Ru.
 48583 | Depths:1 | Entered Level 1 of the Depths
 48583 | Depths:1 | Noticed the Enchantress
 49020 | Depths:1 | Found a one-way gate to the infinite horrors of the Abyss.
 49032 | Depths:1 | Killed the Enchantress
 49093 | Depths:1 | Found a white marble altar of Elyvilon.
 49202 | Depths:1 | Paralysed by a floating eye for 2 turns
 49235 | Depths:1 | Received a gift from Trog
 49466 | Depths:1 | Found a gateway to Hell.
 49831 | Depths:2 | Reached XP level 23. HP: 144/200 MP: 23/23
 50087 | Depths:2 | Noticed Boris
 50157 | Depths:2 | Killed Boris
 50532 | Depths:2 | Reached skill level 23 in Armour
 51137 | Depths:2 | Paralysed by a floating eye for 3 turns
 51197 | Depths:2 | Received a gift from Trog
 51273 | Depths:2 | Found a one-way gate leading to the halls of Pandemonium.
 51378 | Depths:2 | Noticed Saint Roka
 51431 | Depths:2 | Killed Saint Roka
 51536 | Depths:2 | Identified the +5 flail of Success {drain, Stlth+}
 51596 | Depths:2 | Identified the +6 rapier "Daschaes" {antimagic, Fly rF+
                  | Int-5 Dex+3}
 51766 | Depths:2 | Noticed a juggernaut
 51787 | Depths:2 | Killed a juggernaut
 52155 | Depths:3 | Noticed Parghit
 52227 | Depths:2 | Killed Parghit
 52590 | Depths:3 | Identified the +6 glaive of Immorality {flame, rPois Will-
                  | Str+4 Dex+3}
 52638 | Depths:3 | Found Rayh's Antique Weapon Boutique.
 52805 | Depths:3 | Identified the ring "Sutibayt" {+Blink rC- Will+ Dex+6
                  | SInv}
 53121 | Depths:3 | Received a gift from Trog
 53397 | Depths:3 | Noticed a caustic shrike
 53397 | Depths:3 | Noticed a juggernaut
 53404 | Depths:3 | Killed a caustic shrike
 53429 | Depths:3 | Killed a juggernaut
 53430 | Depths:3 | Reached XP level 24. HP: 85/235 MP: 23/23
 53531 | Depths:3 | Noticed a juggernaut
 53546 | Depths:3 | Killed a juggernaut
 53858 | Depths:3 | Noticed an ancient lich
 53878 | Depths:3 | Killed an ancient lich
 54369 | Depths:3 | Noticed Louise
 54380 | Depths:3 | Killed Louise
 54511 | Depths:3 | Identified the +4 morningstar "Giantslayer" {flame, SInv}
                  | (Trog gifted it to you on level 3 of the Depths)
 54511 | Depths:3 | Received a gift from Trog
 55197 | Hell     | Entered the Vestibule of Hell
 55197 | Hell     | Noticed Geryon
 55330 | Depths:2 | Voluntarily entered the Abyss.
 55580 | Abyss:1  | Reached skill level 24 in Armour
 56062 | Abyss:2  | Found a corrupted altar of Lugonu.
 56149 | Abyss:3  | Found a corrupted altar of Lugonu.
 56177 | Depths:2 | Escaped the Abyss
 56273 | Depths:2 | Upgraded the game from 0.31-a0-881-ge136f0c47a to
                  | 0.31-a0-940-gdaa99269f9
 56275 | Depths:2 | Voluntarily entered the Abyss.
 56302 | Abyss:3  | Found a corrupted altar of Lugonu.
 56611 | Abyss:3  | Identified the +10 morningstar "Qyxuijot" {heavy, rC+}
                  | (Trog gifted it to you on level 3 of the Abyss)
 56611 | Abyss:3  | Received a gift from Trog
 56617 | Abyss:3  | Found a corrupted altar of Lugonu.
 56676 | Abyss:3  | Found a corrupted altar of Lugonu.
 56782 | Abyss:3  | Got an abyssal rune of Zot
 56825 | Depths:2 | Escaped the Abyss
 56884 | Depths:4 | Entered Level 4 of the Depths
 57187 | Depths:4 | Found a one-way gateway to a ziggurat.
 57636 | Depths:4 | Found a gate to the Realm of Zot.
 57779 | Depths:4 | Paralysed by a floating eye for 4 turns
 58375 | Depths:4 | Received a gift from Trog
 58533 | Zot:1    | Entered Level 1 of the Realm of Zot
 58673 | Zot:1    | Reached XP level 25. HP: 235/247 MP: 23/23
 59318 | Zot:1    | Received a gift from Trog
 59671 | Zot:1    | Reached skill level 25 in Armour
 59671 | Zot:1    | Reached XP level 26. HP: 231/255 MP: 4/23
 59671 | Zot:1    | Reached XP level 27. HP: 238/263 MP: 4/23
 60371 | Zot:2    | Found the +3 warlock's mirror {omnireflect}
 62052 | Zot:2    | Received a gift from Trog
 63626 | Zot:3    | HP: 11/396 [green draconian/+0 halberd (12)]
 63626 | Zot:3    | Mangled by a red draconian

Illustrated notes

Levels and vault maps discovered:
D:1:      saegor_arrival_simple_c, layout_loops_ring, minmay_tromino_mix6
D:2:      layout_loops_ring, shapermc_ecumenical_altar_notcrosses, uniq_jessica,
          uniq_terence
D:3:      layout_loops_ring, serial_shops, shop, nicolae_goblin_pals
D:4:      layout_basic, minmay_temple_entry_stoned_glass, serial_shops, shop
D:5:      layout_rooms, nicolae_overflow_hidden_temple, uniq_duvessa, uniq_ijyb,
          uniq_grinder
D:6:      layout_loops_corners, amethyst_overflow_temple_binary,
          serial_bayou_pond_d, supply_closet_lemuel, uniq_blork_the_orc,
          uniq_sigmund, uniq_menkaure, uniq_maggie
D:7:      layout_loops_ring
D:8:      layout_rooms, grunt_lair_entry_orc_guard_hut, serial_ice,
          serial_ice_l, serial_ice_o, serial_ice_h, serial_ice_n, serial_ice_d,
          serial_ice_c, serial_ice_a, eino_jars
D:9:      layout_basic, serial_undead, serial_undead_e, serial_undead_f,
          serial_undead_f, serial_undead_f
D:10:     layout_stronghold
D:11:     minmay_the_grid_octo_tiled_octocenter [minmay_the_grid_octo_chip,
          minmay_the_grid_octo_shrine, minmay_the_grid_octo_thin_diamonds,
          minmay_the_grid_octo_checkerflower,
          minmay_the_grid_octo_prize_single_spiral,
          minmay_the_grid_square_5x5_six_small, minmay_the_grid_square_5x5_two,
          minmay_the_grid_square_5x5_inverted_slash,
          minmay_the_grid_square_5x5_v], layout_rooms, serial_shops,
          nicolae_stop_n_shop_1, kennysheep_generic_room_3, uniq_grum
D:12:     layout_irregular_city, orc_0_dummy, gammafunk_ghost_smash,
          lemuel_freeze_loot_1, uniq_lodul
D:13:     layout_loops_ring, erik_vaults_1, minivault_23, chequers_big_river
D:14:     layout_long_grid
D:15:     grunt_enter_depths_snipers, layout_loops_ring,
          nicolae_ru_path_of_blood, guppyfry_shop_venom
Lair:1:   layout_long_grid, ldierk_geyser, chequers_serial_rivers_room_a,
          worms_lemuel, grunt_megastairs_1, uniq_sonja
Lair:2:   wander_river, layout_long_grid, elwin_shoals_entry_stream,
          minmay_snake_entry_guardpost_small
Lair:3:   layout_gridlike, gauntlet_entry_generic
Lair:4:   layout_gridlike, dpeg_slime_entry_enclosed, minmay_lair_oklob_items,
          lemuel_fruit_fields
Lair:5:   grunt_lair_end_beastmaster, layout_cave_shapes, st_stairs_10,
          serial_bayou_shore_a, serial_bayou_shore_b, grunt_megastairs_2,
          serial_bayou_shore_b
Shoals:1: layout_shoals, serial_shops, bzr_entry_safe
Shoals:2: layout_shoals, regret_index_shoals_crete
Shoals:3: layout_shoals, st_cyclops
Shoals:4: shoals_end_hangedman, layout_shoals, serial_shops,
          nicolae_shop_tiny_glass, nicolae_shoals_loop_pool, uniq_polyphemus
Snake:1:  layout_layer_cave
Snake:2:  layout_rooms, grunt_megastairs_5
Snake:3:  layout_basic, uniq_bai_suzhen, uniq_vashnia
Snake:4:  grunt_snake_rune_spirals, layout_onion_interference, uniq_aizul,
          uniq_donald, uniq_mlioglotl
Orc:1:    layout_caves, serial_shops, nicolae_shop_tiny_real_fake_doors,
          hellmonk_ghost_happy_afterlife, okawaru_metal_pillars_1_2
Orc:2:    hellmonk_orc_salted, layout_caves, basic_altar,
          gammafunk_ghost_wrathful_warriors, serial_shops,
          nicolae_shop_bloodbath_and_beyond
Elf:1:    nicolae_elf_arrival_fired_up, layout_loops_cross,
          ebering_ghost_rock_garden, minmay_elf_necromancy
Elf:2:    nicolae_elf_blades_splatter_lattice [mumra_blade_entry_bloodbath],
          layout_loops_cross, portal_ice_cave_entry_ice_statue_two
Elf:3:    minmay_elf_hall_four_x, layout_gridlike, nicolae_elf_m_pinch,
          uniq_asterion
Vaults:1: nicolae_vaults_windows_and_doors_thing, nicolae_vaults_network_s,
          nicolae_vaults_house_3, v_pattern_4, v_misc_2,
          nicolae_vaults_little_squares_6, nicolae_vaults_two_Ls,
          nicolae_vaults_frosty_reception, v_misc_26,
          kennysheep_vaults_gozag_temple, v_misc_8, layout_vaults_omnibox,
          serial_shops, nicolae_shop_dealshenge
Vaults:2: gammafunk_ghost_ooze, minmay_crypt_entry_simple_sparse,
          vaults_standard_mumra_lines, vaults_mumra_minichess,
          nicolae_vaults_heist, nicolae_vaults_statue_guard,
          nicolae_vaults_house_2, vaults_dpeg_ring,
          nicolae_vaults_little_squares_1, nicolae_vaults_more_shelving_2,
          v_misc_27, layout_vaults_ring, serial_shops, shop, uniq_sojobo,
          uniq_margery
Vaults:3: grunt_vaults_hallway_short, ontoclasm_vaults_fault,
          ontoclasm_vaults_ring_small, nicolae_vaults_inception_network,
          nicolae_vaults_yaktaur_gun_rack, nicolae_vaults_closet_pinwheel_6,
          nicolae_vaults_doubleplus_tesselated, nicolae_vaults_sightless_eye,
          ontoclasm_vaults_ring_square, vaults_room_ringed_pool,
          nicolae_vaults_weapon_check, nicolae_vaults_trapezoid_2,
          vaults_mumra_minichess_inversion, layout_vaults_maze, serial_shops,
          nicolae_shop_back_alley_shop, uniq_zenata, uniq_xtahua, uniq_boris
Vaults:4: v_misc_12, nicolae_vaults_taking_the_gang_shopping,
          nicolae_vaults_storage_closets_2, v_misc_25,
          nicolae_vaults_network_square, layout_vaults_omnigrid, uniq_norris
Crypt:1:  layout_misc_corridors, hellmonk_ghost_big_iron,
          nicolae_crypt_crumbling_hall
Crypt:2:  layout_catacombs
Depths:1: layout_cave_pools, pf_hell_entry_tar_spiral,
          hangedman_abyss_entry_splay, elyvilon_altar_3, minivault_12,
          uniq_enchantress
Depths:2: lemuel_river_lethe, pan_entry, abyss_entry, hell_entry,
          uniq_saint_roka
Depths:3: nzn_winding_woodlands_large [nzn_winding_woodlands_hourglass,
          nzn_winding_woodlands_5x15_lazy_stream,
          nzn_winding_woodlands_5x5_closed_star,
          nzn_winding_woodlands_center_diamonds,
          nzn_winding_woodlands_15x15_thick_spiral,
          nzn_winding_woodlands_center_garden, nzn_winding_woodlands_5x5_three,
          nzn_winding_woodlands_5x15_eye,
          nzn_winding_woodlands_5x5_checkerboard], layout_cave_pools,
          serial_shops, shop, hell_entry, special_room [special_room_morgue],
          rand_demon_pan_entry_5, nicolae_abyss_entry_one_way_or_another,
          hangedman_decor_opposing, uniq_parghit
Depths:4: evilmike_zot_entry_argh, layout_honeycomb, enter_ziggurat_b,
          hangedman_decor_growths, grunt_pan_entry_spiral, abyss_entry,
          hell_entry
Hell
Zot:1:    layout_gridlike, zot_minivault_1, grunt_megastairs_4
Zot:2:    lemuel_draconian_sentries, layout_basic
Zot:3:    kennysheep_bubbly, layout_gridlike

Skill      XL: |  1  2  3  4  5  6  7  8  9 10 11 12 13 14 15 16 17 18 19 20 21 22 23 24 25 26 27 |
---------------+----------------------------------------------------------------------------------+-----
Maces & Flails | 3 4 5 6 7 8 10 11 12 14 15 16 17 18 | 18.5
Shields        | 1 2 3 4 5 6 8 9 10 11 12 14 15 17 18 19 20 21 22 23 | 23.6
Fighting       | 3 4 5 6 7 8 9 10 11 12 13 14 15 16 17 18 19 20 | 20.5
Armour         | 3 4 5 6 8 9 10 11 13 14 15 16 17 18 19 20 21 22 23 24 25 | 25.6
Dodging        | 3 4 6 7 8 9 10 11 12 | 12.3
Evocations     | 1 4 6 8 10 13 15 16 17 18 19 20 21 | 21.1

Action                     |  1- 3 |  4- 6 |  7- 9 | 10-12 | 13-15 | 16-18 | 19-21 | 22-24 | 25-27 || total
---------------------------+-------+-------+-------+-------+-------+-------+-------+-------+-------++-------
  Melee: Mace              |    95 |   197 |    51 |       |       |       |       |       |       ||   343
         Tailslap          |     6 |    31 |    27 |    96 |   222 |   333 |   497 |   659 |   198 ||  2069
         Morningstar       |       |       |   175 |   658 |  1252 |    13 |       |       |       ||  2098
         Demon whip        |       |       |       |       |       |  1579 |  1951 |  2643 |   660 ||  6833
         Shillelagh        |       |       |       |       |       |       |     9 |       |       ||     9
         Eveningstar       |       |       |       |       |       |       |       |       |   161 ||   161
 Invoke: Berserk           |       |     1 |     2 |     2 |     4 |     2 |     4 |     3 |     1 ||    19
         Brothers in Arms  |       |       |     2 |       |     4 |     1 |     2 |     6 |     1 ||    16
         Trog's Hand       |       |       |       |       |       |     1 |     1 |     1 |       ||     3
  Evoke: Wand              |       |       |     4 |     5 |     8 |       |       |     1 |     7 ||    25
         Sack of spiders   |       |       |       |       |     1 |       |       |     1 |       ||     2
         Lightning rod     |       |       |       |       |       |       |       |     3 |       ||     3
         Phantom mirror    |       |       |       |       |       |       |       |     1 |       ||     1
    Use: Scroll            |       |       |    15 |     4 |    11 |     6 |       |     5 |     8 ||    49
         Potion            |       |       |     2 |       |     4 |       |     1 |     5 |     2 ||    14
   Stab: Distracted        |       |       |       |       |     2 |       |       |       |       ||     2
         Confused          |       |       |       |       |       |       |       |       |     1 ||     1
 Armour: Scale mail        |   118 |    89 |       |       |       |       |       |       |       ||   207
         Ring mail         |       |    49 |   208 |   285 |       |       |       |       |       ||   542
         Plate armour      |       |       |       |    96 |   827 |   492 |   733 |   688 |       ||  2836
         Gold dragon scale |       |       |       |       |       |       |       |   440 |   585 ||  1025
  Dodge: Dodged            |    44 |    78 |   109 |   201 |   233 |   121 |   188 |   302 |   156 ||  1432
  Block: Buckler           |    11 |    36 |    92 |   330 |   541 |       |       |       |       ||  1010
         Reflection        |       |       |       |    11 |    69 |   176 |   101 |    71 |    12 ||   440
         Tower shield      |       |       |       |       |   463 |  1403 |  1838 |  2516 |   937 ||  7157

Table legend: (Time is in decaauts)
 A = Elapsed time spent in this place.
 B = Non-inter-level travel time spent in this place.
 C = Inter-level travel time spent in this place.
 D = Time resting spent in this place.
 E = Time spent auto-exploring this place.
 F = Levels seen in this place.
 G = Mean time per level.
                   A        B        C        D        E       F      G
               +--------+--------+--------+--------+--------+-----+--------+
         Total |  60976 |  56456 |   4520 |   8502 |  30760 |  54 | 1129.2 |
       Dungeon |  16546 |  14870 |   1676 |    924 |  10795 |  15 | 1103.1 |
          Lair |   5380 |   4712 |    668 |    186 |   3271 |   5 | 1076.0 |
        Shoals |   5289 |   4989 |    300 |    747 |   2943 |   4 | 1322.2 |
     Snake Pit |   4160 |   3916 |    244 |    565 |   1595 |   4 | 1040.0 |
  Orcish Mines |   2288 |   1955 |    333 |    322 |   1011 |   2 | 1144.0 |
   Elven Halls |   4143 |   3850 |    293 |    672 |   1710 |   3 | 1381.0 |
        Vaults |   6675 |   6267 |    408 |   1093 |   3085 |   4 | 1668.8 |
         Crypt |   1721 |   1606 |    115 |     27 |   1070 |   2 |  860.5 |
        Depths |   7769 |   7432 |    337 |   1938 |   3166 |   4 | 1942.2 |
          Hell |      3 |      3 |      0 |      0 |      0 |   1 |    3.0 |
           Zot |   4490 |   4347 |    143 |   1518 |   1543 |   3 | 1496.7 |
         Abyss |   1251 |   1251 |      0 |    175 |    369 |   4 |  312.8 |
        Bazaar |     28 |     28 |      0 |      0 |      0 |   1 |   28.0 |
      Ice Cave |    682 |    682 |      0 |    258 |    100 |   1 |  682.0 |
      Gauntlet |    544 |    544 |      0 |     74 |    101 |   1 |  544.0 |
               +--------+--------+--------+--------+--------+-----+--------+

Top non-repeatable levels by time:
Depths:2: 3104 daAuts
   Zot:2: 2250 daAuts
Vaults:2: 2098 daAuts
    D:10: 1824 daAuts
Shoals:4: 1823 daAuts
 Snake:4: 1765 daAuts
Depths:3: 1756 daAuts
     D:8: 1727 daAuts
Depths:4: 1706 daAuts
   Elf:3: 1619 daAuts
Vaults:3: 1617 daAuts
Vaults:1: 1557 daAuts
    D:11: 1553 daAuts
   Elf:2: 1523 daAuts
    D:12: 1464 daAuts
